 Dungeon Crawl Stone Soup version 0.30-a0-242-g7bf8e6d787 (webtiles) character file.

Game seed: 663059132029530941

132 Anon1729 the Covered (level 4, -5/38 HPs)
             Began as a Demigod Fighter on Oct 11, 2022.
             Slain by a river rat (6 damage)
             ... on level 3 of the Dungeon.
             The game lasted 00:01:41 (1622 turns).

Anon1729 the Covered (Demigod Fighter)              Turns: 1622, Time: 00:01:42

Health: -5/38      AC:  6    Str: 21    XL:     4   Next: 62%
Magic:  6/6        EV:  9    Int: 10    God:
Gold:   34         SH:  5    Dex: 13    Spells: 3/3 levels left

rFire   . . .      SeeInvis +    a - +0 war axe
rCold   . . .      Faith    .    c - +0 buckler
rNeg    . . .      Spirit   .    b - +0 scale mail
rPois   .          Reflect  .    (no helmet)
rElec   .          Harm     .    (no cloak)
rCorr   .          Rampage  .    (no gloves)
Will    .....                    (no boots)
Stlth   ..........               (no amulet)
HPRegen 0.26/turn                f - ring of see invisible
MPRegen 0.10/turn                (no ring)

@: no status effects
A: high MP 1, forlorn, divine attributes
a: no special abilities


You were on level 3 of the Dungeon.
You visited 1 branch of the dungeon, and saw 3 of its levels.

You collected 56 gold pieces.
You spent 22 gold pieces at shops.

Inventory:

Hand Weapons
 a - a +0 war axe (weapon)
Armour
 b - a +0 scale mail (worn)
 c - a +0 buckler (worn)
Jewellery
 f - a ring of see invisible (left hand)
 k - an amulet of regeneration
Scrolls
 g - 2 scrolls of fear {unknown}
 h - 5 scrolls of identify {unknown}
 o - a scroll of teleportation {unknown}
 p - a scroll of enchant armour {unknown}
 q - a scroll of vulnerability {unknown}
Potions
 d - a potion of might
 e - a potion of heal wounds {unknown}
 j - a potion of curing {unknown}
 l - a potion of brilliance {unknown}
 m - a potion of invisibility {unknown}


   Skills:
 + Level 3.4 Fighting
 + Level 2.7 Axes
 + Level 3.4 Armour
 + Level 3.4 Shields


You had 3 spell levels left.
You didn't know any spells.
Your spell library contained the following spells:

 Spells                   Type           Power      Damage    Failure   Level
 Apportation              Tloc           0%         N/A       80%         1
 Necrotise                Necr           0%         1d4       80%         1
 Summon Small Mammal      Summ           0%         N/A       80%         1


Dungeon Overview and Level Annotations

Branches:
Dungeon (3/15)

Shops:
D:1 (![?   D:3 !

Portals:
Sewer: D:3


Innate Abilities, Weirdness & Mutations

You have an increased reservoir of magic. (+10% MP)
You shall have no god before yourself.
Your divine heritage dramatically boosts your attributes as you level up.


Message History

You are too injured to fight recklessly!
The river rat attacks as you move away! You block the river rat's attack.
The river rat closely misses you.
You are too injured to fight recklessly!
You barely miss the river rat.
The river rat is severely wounded.
The river rat bites you but does no damage.
You slash the river rat!
You kill the river rat!
You hit the river rat.
The river rat is moderately wounded.
The river rat bites you.
The river rat bites you but does no damage.
You slash the river rat!
The river rat is almost dead.
The river rat bites you.
* * * LOW HITPOINT WARNING * * *
You barely miss the river rat.
The river rat is almost dead.
The river rat closely misses you.
The rat twitches its whiskers.
The river rat bites you.
* * * LOW HITPOINT WARNING * * *
You barely miss the river rat.
The river rat is almost dead.
The river rat bites you.
* * * LOW HITPOINT WARNING * * *
The rat twitches its whiskers.
You closely miss the river rat.
The river rat is severely wounded.
The river rat misses you.
You closely miss the river rat.
The river rat is severely wounded.
The river rat bites you.
* * * LOW HITPOINT WARNING * * *
The river rat barely misses you.
You closely miss the river rat.
The river rat is severely wounded.
The river rat bites you.
You die...

##### #... #..
...# #.######...
#@#~~~~#..#
#r#~~~~#..##
#rr~~∩~#...
#.#~~~~#..#
#.#~~~~#..#
#.######..#
#.........#####.#
#..##.###...)...#
#######..##.#
#######.#


You could see a river rat and 2 rats.

Vanquished Creatures
  8 adders
  A river rat (D:3)
  A worm (D:2)
  6 endoplasms
  2 giant cockroaches
  4 goblins
  3 hobgoblins
  8 kobolds
  3 quokkas (D:2)
  2 ball pythons
  4 bats
  4 frilled lizards
  4 rats (D:2)
50 creatures vanquished.

Vanquished Creatures (others)
  3 plants (D:3)
3 creatures vanquished.

Grand Total: 53 creatures vanquished

Notes
Turn   | Place    | Note
-------+----------+-------------------------------------------
     0 | D:1      | Anon1729 the Demigod Fighter began the quest for the Orb.
     0 | D:1      | Reached XP level 1. HP: 18/18 MP: 3/3
   140 | D:1      | Found Fahen's Weapon Shop.
   243 | D:1      | Reached XP level 2. HP: 25/25 MP: 4/4
   260 | D:1      | Found Kelas's Magic Scroll Boutique.
   263 | D:1      | Bought a scroll of noise for 10 gold pieces
   290 | D:1      | Found Duire's Antique Armour Boutique.
   337 | D:1      | Found Jocitz's Distillery.
   630 | D:2      | Reached XP level 3. HP: 31/31 MP: 5/5
   908 | D:2      | Reached XP level 4. HP: 14/38 MP: 6/6
  1524 | D:3      | Found Foacan's Distillery.
  1531 | D:3      | Bought a potion of degeneration for 12 gold pieces
  1581 | D:3      | Found a glowing drain.
  1621 | D:3      | HP: 1/38 [river rat (4)]
  1622 | D:3      | Slain by a river rat

Illustrated notes

Levels and vault maps discovered:
D:1:      lightli_arrival_noodles, layout_basic, serial_shops,
          nicolae_shop_stone, nicolae_square_shop, shop, shop
D:2:      layout_basic, ebering_ecumenical_altar_rust,
          amcnicky_mini_rare_corridor_liquid, chequers_serial_rivers_room_a
D:3:      layout_loops_ring, nicolae_wu_jian_wuxing_cycle, portal_sewer_entry_c,
          serial_shops, shop_statue, nicolae_shop_behind_doors,
          nicolae_shop_hallway_plus, shop, minmay_misc_feat_nine_boxes,
          serial_bayou_ford_a, minmay_misc_feat_plants

Skill      XL: |  1  2 |
---------------+-------+-----
Axes           | 2 |  2.7
Fighting       | 3 |  3.4
Armour         | 3 |  3.4
Shields        | 3 |  3.4

Action                   |  1- 3 |  4- 6 || total
-------------------------+-------+-------++-------
Melee: War axe           |   102 |    65 ||   167
Armor: Scale mail        |    46 |    28 ||    74
Dodge: Dodged            |    45 |    30 ||    75
Block: Buckler           |    25 |    12 ||    37

Table legend: (Time is in decaauts)
 A = Elapsed time spent in this place.
 B = Non-inter-level travel time spent in this place.
 C = Inter-level travel time spent in this place.
 D = Time resting spent in this place.
 E = Time spent auto-exploring this place.
 F = Levels seen in this place.
 G = Mean time per level.
                   A        B        C        D        E       F      G
               +--------+--------+--------+--------+--------+-----+--------+
         Total |   1690 |   1630 |     60 |     22 |   1217 |   3 |  563.3 |
       Dungeon |   1690 |   1630 |     60 |     22 |   1217 |   3 |  563.3 |
               +--------+--------+--------+--------+--------+-----+--------+

Top non-repeatable levels by time:
     D:2: 898 daAuts
     D:1: 561 daAuts
     D:3: 229 daAuts
